 Dungeon Crawl Stone Soup version 0.31-a0-986-g5e6e4ef867 (webtiles) character file.

Game seed: 3894483582308765056

628 timneilson the Ruffian (level 7, -4/46 HPs)
             Began as an Octopode Shapeshifter on Nov 11, 2023.
             Slain by an ogre
             ... wielding a +0 giant club
              (30 damage)
             ... on level 5 of the Dungeon.
             The game lasted 00:05:37 (3086 turns).

timneilson the Ruffian (Octopode Shapeshifter)      Turns: 3086, Time: 00:05:38

Health: -4/46      AC:  1    Str: 15    XL:     7   Next: 48%
Magic:  9/9        EV: 14    Int: 13    God:
Gold:   258        SH:  0    Dex: 11    Spells: 9/9 levels left

rFire   . .          .
                       - Unarmed
rCold   + . .        (no shield)
rNeg    . . .        (helmet currently unavailable)
rPois   .            g - amulet of regeneration
rElec   .            e - ring of protection from cold
rCorr   .            n - ring of wizardry
SInv    .            (no ring)
Will    .....        (no ring)
Stlth   +++          (no ring)
HPRegen 1.07/turn    (no ring)
MPRegen 0.11/turn    (no ring)
                     (no ring)

%: wizardry (x1)
@: beast-form
A: beast (slay +2), almost no armour, amphibious, 8 rings, camouflage 1,
gelatinous body 1, (nimble swimmer 1), tentacles
a: Begin Untransformation


You were on level 5 of the Dungeon.
You were a hulking beast.
You visited 1 branch of the dungeon, and saw 7 of its levels.
You also visited: Sewer.

You collected 258 gold pieces.

Inventory:

Jewellery
 e - a ring of protection from cold (left tentacle)
 g - an amulet of regeneration (around mantle)
 n - a ring of wizardry (right tentacle)
Talismans
 b - a beast talisman
 c - a flux talisman
 d - a maw talisman
Wands
 a - a wand of roots (12)
 k - a wand of flame (8)
Scrolls
 f - 3 scrolls of enchant armour
 l - a scroll of teleportation
 m - 2 scrolls of identify
Potions
 h - 2 potions of haste
 i - a potion of enlightenment
 j - a potion of lignification
 o - 2 potions of invisibility


   Skills:
 * Level 3.4 Fighting
 * Level 3.8 Dodging
 + Level 3.2 Stealth
 * Level 4.4 Unarmed Combat
 + Level 1.9 Spellcasting
 + Level 1.3 Evocations
 * Level 4.2 Shapeshifting


You had 9 spell levels left.
You didn't know any spells.
Your spell library contained the following spells:

 Spells                   Type           Power      Damage    Failure   Level
 Slow                     Hex            4%         N/A       11%         1
 Ensorcelled Hibernation  Hex/Ice        2%         N/A       16%         2
 Passwall                 Tmut/Erth      0%         N/A       16%         2
 Call Canine Familiar     Summ           1%         N/A       30%         3
 Confusing Touch          Hex            1%         N/A       30%         3
 Sigil of Binding         Hex            1%         N/A       30%         3
 Swiftness                Air            1%         N/A       30%         3
 Vampiric Draining        Necr           1%         2d6       30%         3
 Dimensional Bullseye     Hex/Tloc       0%         N/A       67%         4
 Leda's Liquefaction      Hex/Erth       0%         N/A       67%         4
 Vhi's Electric Charge    Tloc/Air       2%         N/A       67%         4
 Arcjolt                  Conj/Air       0%         1d10      94%         5
 Plasma Beam              Fire/Air       0%         2x1d10    100%        6


Dungeon Overview and Level Annotations

Branches:
Dungeon (7/15)              Sewer (visited)
 Temple: D:4-7

Altars:
Elyvilon
Vehumet

Annotations:
D:3 exclusion: statue


Innate Abilities, Weirdness & Mutations

You are a hulking beast.
Your limbs bulge with bestial killing power. (Slay +2)
You cannot wear most types of armour.
You are amphibious.
You can wear up to eight rings at the same time.
Your skin changes colour to match your surroundings (Stealth+).
Your rubbery body absorbs attacks. (AC +1, EV +1)
((You are camouflaged when in or above water. (Stealth+)))
You have tentacles for arms and can constrict up to eight enemies at once.


Message History

You bludgeon the hound! You squeeze the hound.
You kill the hound!
You barely miss the hound. Your grab misses the hound.
Your squeeze misses the hound. The hound barely misses you.
The hound bites you.
You barely miss the hound. Your grab misses the hound. The hound misses you.
You miss the hound. Your grab misses the hound. The hound bites you.
The hound barely misses you.
You tentacle-slap the hound. Your grab misses the hound.
Your squeeze misses the hound.
The hound is lightly wounded.
The hound bites you.
You bludgeon the hound! Your grab misses the hound.
Your squeeze misses the hound.
The hound is severely wounded.
The hound bites you.
You bludgeon the hound!
You kill the hound!
You start resting.
HP restored.
You see here a hound corpse.
An adder comes into view.
The adder hisses angrily.
You see here a hound corpse.
You bludgeon the adder! You grab the adder.
The adder is almost dead.
You constrict the adder, but do no damage.
The adder bites you.
You bludgeon the adder!
You kill the adder!
You tentacle-slap the ogre.
The ogre is lightly wounded.
You barely miss the ogre. You squeeze the ogre!
The ogre is severely wounded.
The ogre hits you with a +0 giant club!!
You barely miss the ogre.
The ogre is severely wounded.
The ogre hits you with a +0 giant club!!
Ouch! That really hurt!
You die...

########### ..........#
..........# _.........#
..#.?.....# ..^.......### ####
###.........################...
#..S....#..Oh..............##
#.......#####.......########
#.......# #......## #.......#
#......# #######.# ######## #.#
#.#


You could see an ogre.

Vanquished Creatures
  A black bear (D:5)
  Pargi (Sewer)
  2 scorpions (D:5)
  A wight (D:7)
  2 hounds (D:5)
  An iguana (D:5)
  Jessica (D:2)
  Terence (D:2)
  5 adders
  2 gnolls (D:5)
  A white imp (D:5)
  2 ufetubi (D:5)
  4 orcs (D:3)
  5 endoplasms (D:1)
  3 giant cockroaches
  6 goblins
  4 hobgoblins
  4 jackals
  2 quokkas
  7 ball pythons
  3 bats
  6 frilled lizards
  7 kobolds
  4 rats
75 creatures vanquished.

Notes
Turn   | Place    | Note
-------+----------+-------------------------------------------
     0 | D:1      | timneilson the Octopode Shapeshifter began the quest for
                  | the Orb.
     0 | D:1      | Reached XP level 1. HP: 13/13 MP: 1/1
   108 | D:1      | Reached XP level 2. HP: 18/18 MP: 2/2
   768 | D:2      | Reached skill level 1 in Stealth
   768 | D:2      | Reached XP level 3. HP: 23/23 MP: 4/4
   830 | D:2      | Noticed Jessica
   833 | D:2      | Killed Jessica
   836 | D:2      | Noticed Terence
   860 | D:2      | Killed Terence
   861 | D:2      | Reached skill level 1 in Spellcasting
   861 | D:2      | Reached XP level 4. HP: 14/29 MP: 5/5
  1599 | D:3      | Found a glowing drain.
  1603 | Sewer    | Entered a sewer
  1688 | Sewer    | Noticed Pargi
  1692 | Sewer    | Killed Pargi
  1693 | Sewer    | Reached XP level 5. HP: 24/35 MP: 6/6
  2223 | D:3      | Reached XP level 6. HP: 41/41 MP: 7/7
  2343 | D:3      | Found a radiant altar of Vehumet.
  2768 | D:4      | You fall into a shaft and drop 3 floors!
  2771 | D:7      | Noticed a sky beast
  2837 | D:7      | Noticed a sky beast
  2845 | D:7      | Noticed a sky beast
  2898 | D:5      | Entered Level 5 of the Dungeon
  2898 | D:5      | Noticed an ice beast
  2964 | D:5      | Reached skill level 1 in Evocations
  2964 | D:5      | Reached XP level 7. HP: 34/46 MP: 9/9
  3039 | D:5      | Found a white marble altar of Elyvilon.
  3086 | D:5      | Slain by an ogre

Illustrated notes

Levels and vault maps discovered:
D:1:      nzn_arrival_depleted_hourglass, layout_basic
D:2:      minmay_evil_eye, layout_basic, uniq_terence, uniq_jessica
D:3:      layout_basic, vehumet_statue, gup_sewer_entry_bowl,
          nicolae_eternal_life, minmay_misc_feat_chi
D:4:      layout_loops_ring, minmay_temple_entry_tees
D:5:      layout_rooms, hangedman_feature_mirror
D:6:      layout_basic
D:7:      layout_basic, uniq_duvessa

Skill      XL: |  1  2  3  4  5  6 |
---------------+-------------------+-----
Stealth        | 1 2 3 |  3.2
Spellcasting   | 1 |  1.9
Fighting       | 2 3 |  3.4
Dodging        | 3 |  3.8
Unarmed Combat | 4 |  4.4
Shapeshifting  | 4 |  4.2
Evocations     | 1 |  1.3

Action                     |  1- 3 |  4- 6 |  7- 9 || total
---------------------------+-------+-------+-------++-------
  Melee: Unarmed           |    53 |    79 |    20 ||   152
         Tentacles         |    11 |    19 |     6 ||    36
         Constrict         |     9 |    24 |     3 ||    36
         Punch             |     2 |     3 |     1 ||     6
    Use: Scroll            |     4 |     5 |       ||     9
         Potion            |     1 |       |       ||     1
   Stab: Sleeping          |     3 |    10 |     2 ||    15
 Armour: Skin              |    22 |    31 |    14 ||    67
  Dodge: Dodged            |    21 |    46 |     7 ||    74

Table legend: (Time is in decaauts)
 A = Elapsed time spent in this place.
 B = Non-inter-level travel time spent in this place.
 C = Inter-level travel time spent in this place.
 D = Time resting spent in this place.
 E = Time spent auto-exploring this place.
 F = Levels seen in this place.
 G = Mean time per level.
                   A        B        C        D        E       F      G
               +--------+--------+--------+--------+--------+-----+--------+
         Total |   3071 |   2972 |     99 |    199 |   2064 |   8 |  383.9 |
       Dungeon |   2916 |   2817 |     99 |    199 |   1942 |   7 |  416.6 |
         Sewer |    155 |    155 |      0 |      0 |    122 |   1 |  155.0 |
               +--------+--------+--------+--------+--------+-----+--------+

Top non-repeatable levels by time:
     D:3: 999 daAuts
     D:2: 905 daAuts
     D:1: 664 daAuts
     D:5: 184 daAuts
   Sewer: 155 daAuts
     D:7: 87 daAuts
     D:6: 41 daAuts
     D:4: 33 daAuts
